 Dungeon Crawl Stone Soup version 0.26.1-2-gb8aa6d0cf2 (webtiles) character file.

Game seed: 6190712806998601011

7155 Phaedo the Basher (level 10, -11/86 HPs)
             Began as a Demigod Delver on Mar 25, 2021.
             Mangled by a two-headed ogre
             ... wielding a +0 giant club
              (24 damage)
             ... on level 10 of the Dungeon.
             The game lasted 00:29:26 (14191 turns).

Phaedo the Basher (Demigod Delver)                 Turns: 14191, Time: 00:29:27

Health: -11/86     AC: 15    Str: 15    XL:     10   Next: 56%
Magic:  13/13      EV:  7    Int: 20    God:
Gold:   501        SH:  5    Dex: 17    Spells: 9/9 levels left

rFire    . . .     SeeInvis .   a - +1 mace
rCold    . . .     Faith    .   s - +0 buckler
rNeg     . . .     Spirit   .   w - +0 plate armour
rPois    +         Reflect  .   (no helmet)
rElec    .         Harm     .   G - +1 cloak
rCorr    .         Rampage  .   (no gloves)
Will     +....                  y - +2 pair of boots
Stlth    ..........             (no amulet)
HPRegen  0.24/turn              h - ring of poison resistance
MPRegen  0.13/turn              (no ring)

@: hasted, very quick
A: high mp 1
a: no special abilities


You were on level 10 of the Dungeon.
You visited 1 branch of the dungeon, and saw 11 of its levels.

You collected 501 gold pieces.

Inventory:

Hand Weapons
 a - a +1 mace (weapon)
 K - a +0 triple crossbow
Missiles
 i - 338 stones
 j - 19 poisoned darts (quivered)
 u - 3 boomerangs of dispersal
Armour
 b - a +0 leather armour
 s - a +0 buckler (worn)
 w - a +0 plate armour (worn)
 y - a +2 pair of boots (worn)
 G - a +1 cloak (worn)
 L - a scarf of harm
Jewellery
 h - a ring of poison resistance (left hand)
 k - an uncursed ring of stealth {unknown}
 q - an uncursed ring of willpower {unknown}
 r - a cursed -4 ring of evasion {unknown}
 B - an uncursed ring of positive energy {unknown}
 I - a cursed amulet of inaccuracy {unknown}
 J - an uncursed amulet of guardian spirit {unknown}
Wands
 g - a wand of digging (6)
 m - a wand of iceblast (3)
 E - a wand of flame (8)
Scrolls
 c - 2 scrolls of fog
 d - 3 scrolls of magic mapping
 e - 2 scrolls of blinking
 n - 5 scrolls of immolation
 o - a scroll of teleportation {unknown}
 p - 2 scrolls of enchant armour {unknown}
 t - a scroll of remove curse {unknown}
 x - a scroll of enchant weapon
 z - 3 scrolls of identify
 H - a scroll of amnesia {unknown}
 N - a scroll of torment {unknown}
Potions
 f - 2 potions of curing
 v - 2 potions of attraction
 A - a potion of flight {unknown}
 C - a potion of resistance {unknown}
 F - a potion of brilliance {unknown}


   Skills:
 + Level 7.2 Fighting
 * Level 10.6 Maces & Flails
 + Level 7.6 Dodging
 - Level 5.6 Stealth
 - Level 4.0 Shields


You had 9 spell levels left.
You didn't know any spells.
Your spell library contained the following spells:

 Spells                   Type           Power        Failure   Level
 Animate Skeleton         Necr           0%           100%        1
 Apportation              Tloc           0%           100%        1
 Corona                   Hex            0%           100%        1
 Summon Small Mammal      Summ           0%           100%        1
 Static Discharge         Conj/Air       0%           100%        3
 Lightning Bolt           Conj/Air       0%           100%        5
 Ignition                 Fire           0%           100%        8
 Shatter                  Erth           0%           100%        9
 Tornado                  Air            0%           100%        9


Dungeon Overview and Level Annotations

Branches:
Dungeon (11/15)            Temple (0/1) D:6            Lair (0/6) D:9
    Orc: D:9-12

Shops:
D:8 !

Annotations:
D:7 Maggie
D:10 3 runed translucent doors, Cykl0x's ghost, journeyman MiFi


Innate Abilities, Weirdness & Mutations

You have an increased reservoir of magic. (+10% MP)


Message History

The two-headed ogre is lightly wounded.
The two-headed ogre hits you with a +0 giant club!!
The two-headed ogre hits you with a +0 giant club.
There is an open door here.
You feel yourself speed up.
The two-headed ogre hits you with a +0 giant club.
The two-headed ogre hits you with a +0 giant club!!
* * * LOW HITPOINT WARNING * * *
You sock the two-headed ogre!
The two-headed ogre is moderately wounded.
You feel better.
The two-headed ogre hits you but does no damage. x2
You hit the two-headed ogre.
The two-headed ogre is moderately wounded.
You sock the two-headed ogre!
The two-headed ogre is heavily wounded.
The two-headed ogre hits you with a +0 giant club!
* * * LOW HITPOINT WARNING * * *
The two-headed ogre hits you with a +0 giant club!!
You die...

##...####'####################...
.....#.....#........# ...
.....'.....#........# ..
.....#.....'........# .
.....#.....#.......>#
######.....#........#
...........#........#
.....#.....#...O....#
.....'.....#....@...#
.....#.....######...####
######.....#...........#
...........#....)......#
.....#######...........#
.....#.................#
.....#.................#
.....#.................#
.....#....<............#


You could see a two-headed ogre (poisoned).

Vanquished Creatures
  Harold (D:7)
  3 two-headed ogres
  7 yaks
  A wraith (D:9)
  A water moccasin (D:10)
  A black bear (D:11)
  3 ice beasts
  3 orc warriors
  3 sky beasts
  An ogre (D:9)
  3 centaurs
  2 phantoms
  3 big kobolds
  4 bullfrogs
  A gnoll sergeant (D:6)
  A wyvern zombie (D:9)
  2 scorpions
  9 wights (D:9)
  4 howler monkeys
  A bullfrog zombie (D:7)
  A hound (D:8)
  8 orc priests
  3 orc wizards
  A bullfrog skeleton (D:5)
  2 worker ants
  A worker ant zombie (D:10)
  3 gnolls (D:6)
  6 adders
  A shadow imp (D:7)
  2 white imps
  3 ufetubi
  An ooze (D:7)
  An adder skeleton (D:4)
  A worm (D:2)
  2 dart slugs (D:2)
  3 leopard geckos
  16 orcs
  3 giant cockroaches
  8 goblins
  7 hobgoblins
  7 jackals
  13 kobolds
  3 quokkas
  2 ball pythons
  8 bats
  2 frilled lizards
  A quokka zombie (D:8)
  5 rats
168 creatures vanquished.

Vanquished Creatures (others)
  A sky beast (D:9)
  An adder (D:9)
  A quokka skeleton (D:9)
  46 plants
49 creatures vanquished.

Grand Total: 217 creatures vanquished

Notes
Turn   | Place    | Note
-------+----------+-------------------------------------------
     0 | D:5      | Phaedo the Demigod Delver began the quest for the Orb.
     0 | D:5      | Reached XP level 1. HP: 18/18 MP: 3/3
    40 | D:5      | Noticed an ice beast
   132 | D:4      | Reached skill level 2 in Maces & Flails
   271 | D:3      | Reached XP level 2. HP: 25/25 MP: 4/4
   849 | D:1      | Reached XP level 3. HP: 29/30 MP: 5/5
  2103 | D:2      | Reached skill level 3 in Maces & Flails
  2910 | D:3      | Reached XP level 4. HP: 37/37 MP: 6/6
  2945 | D:3      | Reached skill level 5 in Stealth
  3412 | D:4      | Noticed a phantom
  3433 | D:5      | Reached skill level 1 in Shields
  3528 | D:5      | Killed an ice beast
  3529 | D:5      | Reached XP level 5. HP: 35/42 MP: 7/7
  3702 | D:5      | Noticed a centaur
  3715 | D:5      | Killed a centaur
  4197 | D:5      | Reached skill level 4 in Maces & Flails
  4197 | D:5      | Reached XP level 6. HP: 14/50 MP: 8/8
  6042 | D:6      | Reached XP level 7. HP: 19/56 MP: 9/9
  6799 | D:6      | Reached skill level 5 in Maces & Flails
  7319 | D:6      | Found a staircase to the Ecumenical Temple.
  7777 | D:7      | Reached XP level 8. HP: 62/63 MP: 10/10
  7864 | D:7      | Reached skill level 6 in Maces & Flails
  8211 | D:7      | Noticed Harold
  8242 | D:7      | Killed Harold
  8243 | D:7      | Reached skill level 7 in Maces & Flails
  8243 | D:7      | Reached skill level 5 in Dodging
  8510 | D:7      | Found a radiant altar of Vehumet.
  8513 | D:7      | Noticed Maggie
  9021 | D:7      | Reached XP level 9. HP: 71/73 MP: 11/11
  9042 | D:8      | Reached skill level 5 in Fighting
  9174 | D:8      | Found Anoamyeqo's Distillery.
  9347 | D:8      | Found an ancient bone altar of Kikubaaqudgha.
  9405 | D:8      | Noticed a two-headed ogre
  9421 | D:8      | Killed a two-headed ogre
  9422 | D:8      | Reached skill level 8 in Maces & Flails
 10923 | D:9      | Noticed a two-headed ogre
 11044 | D:9      | Reached skill level 9 in Maces & Flails
 11547 | D:9      | Killed a two-headed ogre
 11940 | D:9      | Reached XP level 10. HP: 67/84 MP: 13/13
 12015 | D:9      | Found a staircase to the Lair.
 12703 | D:10     | Entered Level 10 of the Dungeon
 12703 | D:10     | Found a runed translucent gate.
 12703 | D:10     | Found a runed translucent gate.
 12703 | D:10     | Found a runed translucent gate.
 12705 | D:10     | Noticed Cykl0x's ghost (journeyman MiFi)
 12706 | D:10     | Noticed a nine-headed hydra
 12905 | D:10     | Reached skill level 10 in Maces & Flails
 13799 | D:10     | Noticed a two-headed ogre
 13800 | D:10     | Noticed a two-headed ogre
 13855 | D:9      | Killed a two-headed ogre
 14191 | D:10     | Mangled by a two-headed ogre

Illustrated notes

Levels and vault maps discovered:
D:1:      dpeg_arrival_round_a, layout_loops_ring, minmay_splitting_lines
D:2:      layout_loops_cross, serial_bayou_lagoon_a
D:3:      layout_basic
D:4:      layout_gridville
D:5:      layout_basic
D:6:      layout_rooms, temple_green
D:7:      layout_layer_cave, vehumet_crystals, kennysheep_generic_room_8,
          uniq_harold, uniq_maggie
D:8:      layout_layer_cave, serial_shops, shop, lemuel_tele_altar
D:9:      layout_loops_cross, lair_entry_dummy, lemuel_flamethrower_2
D:10:     layout_grid_maze, gammafunk_ghost_hydra_chop, serial_shops, shop,
          uniq_sonja
D:11:     layout_basic, hiddenorc1_lemuel

Skill      XL: |  1  2  3  4  5  6  7  8  9 10 |
---------------+-------------------------------+-----
Maces & Flails | 2 3 4 5 7 9 10 | 10.6
Dodging        | 2 3 4 5 6 7 |  7.6
Stealth        | 5 |  5.6
Shields        | 1 2 3 4 |  4.0
Fighting       | 3 4 6 7 |  7.2

Action                   |  1- 3 |  4- 6 |  7- 9 | 10-12 || total
-------------------------+-------+-------+-------+-------++-------
Melee: Mace              |   146 |    93 |   437 |   190 ||   866
Throw: Dart              |    26 |    55 |   128 |    24 ||   233
       Stone             |       |       |    19 |       ||    19
Evoke: Wand              |       |       |       |    25 ||    25
  Use: Scroll            |     1 |     4 |     4 |     1 ||    10
       Potion            |     1 |     3 |     8 |     7 ||    19
 Stab: Sleeping          |    12 |       |       |       ||    12
       Invisible         |       |       |       |     6 ||     6
Armor: Leather armour    |    37 |       |       |       ||    37
       Plate armour      |     3 |    59 |   224 |   114 ||   400
       Skin              |       |     5 |    25 |    10 ||    40
Dodge: Dodged            |   113 |    20 |    91 |    77 ||   301
Block: Buckler           |     8 |    24 |    95 |    56 ||   183
